Map: Rainfall LE

Players

Rock - Winner!

  • Race: Zerg Zerg
  • League: Diamond

Altik

  • Race: Protoss Protoss
  • League: Diamond

VOD

Have the link to the VOD?

Description

Time

  • Played on: Aug. 4, 2026, 4:56 p.m.
  • Length: 10:30
Show
View Real Time Build Order
Export as new Build Order

Rock Zerg - Winner!

Build Orders: Pool First 

Get SALT Encoding   

  8  0:02  Drone  
  9  0:11  Drone  
  10  0:18  Drone  
  11  0:22  Drone  
  12  0:33  Overlord  
  12  0:52  Spawning Pool  
  12  0:55  Drone  
  12  1:02  Drone  
  13  1:07  Drone  
  13  1:11  Drone  
  15  1:15  Drone  
  16  1:36  Hatchery  
  15  1:47  Queen  
  15  1:51  Extractor  
  16  1:57  Overlord  
  16  2:01  Drone  
  16  2:04  Drone  
  18  2:09  Drone  
  19  2:20  Drone  
  20  2:28  Drone  
  21  2:39  Drone  
  22  2:48  Hatchery, Drone  
  22  2:54  Drone  
  22  2:56  Metabolic Boost  
  23  3:04  Drone x2  
  23  3:05  Drone  
  26  3:09  Drone  
  27  3:15  Overlord  
  27  3:20  Drone  
  27  3:21  Drone x2  
  30  3:33  Drone x2  
  32  3:35  Queen  
  32  3:40  Zergling x4  
  36  3:47  Queen  
  38  3:51  Overlord  
  38  3:53  Drone  
  39  3:58  Drone  
  39  4:02  Drone x2  
  42  4:08  Queen  
  44  4:11  Drone  
  44  4:12  Drone x3  
  48  4:24  Lair  
  48  4:25  Queen  
  48  4:28  Drone x2  
  52  4:32  Overlord  
  52  4:35  Overlord  
  52  4:51  Roach Warren  
  52  4:52  Evolution Chamber  
  50  4:54  Overlord  
  50  4:55  Drone x7  
  50  4:59  Extractor  
  56  5:00  Extractor  
  56  5:03  Extractor, Spore Crawler  
  56  5:04  Drone x2  
  55  5:07  Spore Crawler  
  55  5:08  Drone, Extractor  
  54  5:27  Drone  
  54  5:28  Drone x5  
  55  5:29  Drone x3  
  55  5:32  Spore Crawler  
  59  5:38  Overseer  
  59  5:40  Glial Reconstitution  
  59  5:41  Overlord x2  
  58  5:50  Drone x3  
  58  5:52  Zerg Missile Weapons Level 1  
  58  5:54  Drone x3  
  58  5:55  Drone x7  
  71  6:00  Extractor  
  71  6:03  Evolution Chamber  
  69  6:10  Overseer  
  69  6:16  Drone x3  
  69  6:17  Drone x2  
  74  6:22  Queen  
  74  6:23  Queen, Overlord x3  
  78  6:35  Roach x5  
  78  6:36  Roach  
  90  6:41  Queen  
  90  7:08  Zerg Ground Armor Level 1  
  90  7:09  Overlord x2  
  90  7:10  Roach x8  
  90  7:11  Roach x4  
  90  7:12  Overlord x3  
  114  7:20  Overlord x3  
  114  7:36  Ravager x6  
  120  7:50  Zergling x2  
  120  7:51  Zergling x28  
  108  8:18  Roach x9  
  120  8:24  Roach  
  113  8:30  Roach x4  
  121  8:39  Hydralisk Den  
  120  8:53  Roach x3  
  120  8:54  Roach x8  
  139  8:55  Hatchery  
  139  8:57  Ravager  
  139  8:58  Ravager x9  
  141  9:12  Muscular Augments, Infestation Pit, Drone  
  141  9:13  Drone x2  
  141  9:17  Zergling x14  
  149  9:36  Hatchery  
  124  10:01  Zergling x2  
  124  10:02  Zergling x30  
Show
View Real Time Build Order
Export as new Build Order

Altik Protoss 

Build Orders: Chargelot Immortal 

Get SALT Encoding   

  8  0:00  Probe (Chrono Boost)  
  9  0:12  Probe (Chrono Boost)  
  10  0:20  Probe (Chrono Boost)  
  11  0:28  Probe  
  12  0:37  Pylon  
  12  0:40  Probe  
  13  0:55  Probe (Chrono Boost)  
  14  1:01  Gateway  
  14  1:07  Probe (Chrono Boost)  
  15  1:14  Assimilator  
  15  1:15  Probe (Chrono Boost)  
  16  1:21  Probe  
  17  1:34  Probe  
  18  1:46  Probe  
  19  1:50  Cybernetics Core  
  19  1:53  Gateway  
  19  1:54  Zealot (Chrono Boost)  
  21  2:03  Pylon  
  23  2:25  Adept  
  23  2:33  Nexus  
  23  2:36  Warp Gate  
  23  2:41  Probe  
  24  2:49  Assimilator  
  24  2:53  Probe  
  24  2:56  Stalker  
  27  3:05  Probe  
  28  3:13  Shield Battery  
  28  3:21  Probe  
  28  3:22  Pylon  
  29  3:40  Probe (Chrono Boost)  
  30  3:44  Pylon  
  30  3:45  Probe (Chrono Boost)  
  30  3:47  Stargate  
  31  3:52  Probe (Chrono Boost)  
  35  3:55  Sentry  
  35  3:57  Probe (Chrono Boost)  
  35  3:59  Probe (Chrono Boost)  
  35  4:01  Probe (Chrono Boost)  
  36  4:06  Probe  
  38  4:11  Probe  
  39  4:18  Probe  
  39  4:23  Probe  
  41  4:27  Oracle (Chrono Boost)  
  41  4:30  Probe  
  45  4:35  Probe  
  46  4:40  Twilight Council  
  46  4:42  Probe  
  46  4:43  Forge  
  47  4:47  Probe  
  48  4:55  Probe  
  49  5:01  Nexus  
  49  5:05  Pylon, Probe  
  50  5:09  Zealot  
  50  5:14  Oracle  
  55  5:20  Probe  
  55  5:21  Probe  
  57  5:33  Probe x2  
  59  5:37  Photon Cannon  
  59  5:39  Shield Battery  
  59  5:42  Pylon  
  59  5:45  Probe  
  59  5:48  Charge  
  60  5:53  Protoss Ground Weapons Level 1 (Chrono Boost)  
  60  5:55  Gateway  
  60  5:56  Gateway  
  60  5:57  Gateway  
  60  6:02  Probe x2  
  62  6:08  Pylon  
  62  6:10  Pylon  
  62  6:14  Probe  
  63  6:28  Zealot  
  63  6:29  Zealot  
  67  6:33  Probe x3  
  70  6:43  Zealot x4  
  70  6:45  Probe  
  77  6:54  Probe x2  
  77  6:56  Zealot  
  77  6:58  Probe  
  81  7:03  Robotics Facility  
  81  7:04  Assimilator  
  81  7:06  Robotics Facility  
  81  7:07  Assimilator  
  81  7:10  Probe x2  
  81  7:11  Stalker x2  
  81  7:12  Stalker, Zealot  
  81  7:13  Zealot  
  93  7:17  Pylon  
  93  7:19  Pylon  
  93  7:20  Probe  
  94  7:27  Probe x2  
  94  7:28  Stalker x3  
  102  7:32  Probe  
  103  7:37  Pylon  
  103  7:40  Pylon  
  103  7:42  Pylon  
  97  8:07  Zealot x4  
  92  8:24  Stalker x3  
  92  8:25  Stalker  
  90  8:35  Zealot  
  90  8:38  Zealot x2  
  90  8:40  Immortal x2  
  104  8:44  Robotics Bay  
  104  8:48  Forge, Probe  
  93  9:04  Zealot x5  
  101  9:15  Assimilator  
  101  9:17  Assimilator  
  101  9:18  Zealot x3  
  101  9:19  Immortal x2  
  101  9:22  Pylon  
  107  9:46  Zealot x4  
  105  10:02  Zealot x3  
  87  10:07  Probe  
  87  10:08  Probe, Zealot  
  75  10:15  Zealot  
Tags
 
Add a new tag
Caveats
  • Supply blocks, unpowered buildings, or Contaminate may cause inaccurate times.
  • Supply counts are checked every 10 seconds.